 Dungeon Crawl Stone Soup version 0.24-a0-232-g49d9ff8 (webtiles) character file.

Game seed: 10496734810505774393

4354 emperorscorpion the Slicer (level 10, -2/76 HPs)
             Began as a Human Wanderer on Apr 3, 2019.
             Was an Elder of Qazlal.
             Slain by a centaur zombie (7 damage)
             ... on level 10 of the Dungeon.
             The game lasted 00:16:30 (10572 turns).

emperorscorpion the Slicer (Human Wanderer)        Turns: 10572, Time: 00:16:30

Health: -2/76      AC: 13    Str: 17    XL:     10   Next: 60%
Magic:  14/14      EV: 14    Int:  7    God:    Qazlal [****..]
Gold:   152        SH:  5    Dex: 15    Spells: 15/15 levels left

rFire    + . .     SeeInvis .   a - +4 rapier (vamp)
rCold    . . .     Gourm    .   (no shield)
rNeg     . . .     Faith    .   c - +1 ring mail
rPois    +         Spirit   .   x - +0 helmet
rElec    .         Reflect  .   q - +0 cloak
rCorr    .         Harm     .   H - +1 pair of gloves {archery}
MR       .....                  r - +0 pair of boots
Stlth    ++........             (no amulet)
HPRegen  0.22/turn              b - ring of poison resistance
MPRegen  0.14/turn              A - ring of protection from fire

@: repel missiles
A: hooves 1, camouflage 1, dopey 1, poison resistance
a: Upheaval, Elemental Force, Renounce Religion


You were on level 10 of the Dungeon.
You worshipped Qazlal.
Qazlal was greatly pleased with you.
You were very hungry.

You visited 1 branch of the dungeon, and saw 10 of its levels.

You collected 454 gold pieces.
You spent 302 gold pieces at shops.

Inventory:

Hand Weapons
 a - a +4 vampiric rapier (weapon)
 d - a +0 club
 v - a +3 short sword
 y - a +6 dagger of freezing
Missiles
 z - 2 tomahawks (quivered)
 E - a throwing net
Armour
 c - a +1 ring mail (worn)
 q - a +0 cloak (worn)
 r - a +0 pair of boots (worn)
 x - a +0 helmet (worn)
 H - a +1 pair of gloves of archery (worn)
Jewellery
 b - a ring of poison resistance (left hand)
 A - a ring of protection from fire (right hand)
Wands
 t - a wand of clouds (3)
 w - a wand of polymorph (5)
 B - a wand of random effects (17)
 C - a wand of scattershot (11)
Scrolls
 g - 6 scrolls of remove curse
 h - 11 scrolls of identify
 i - 4 scrolls of magic mapping
 s - 5 scrolls of teleportation
 u - 3 scrolls of blinking
 F - a scroll of immolation {unknown}
 G - 3 scrolls of fear {unknown}
 I - a scroll of random uselessness {unknown}
 J - a scroll of enchant weapon
 K - 2 scrolls of fog
Potions
 e - a potion of mutation
 j - 2 potions of flight {unknown}
 k - 2 potions of agility {unknown}
 l - 3 potions of brilliance {unknown}
 m - a potion of magic {unknown}
 n - a potion of haste {unknown}
 o - 2 potions of heal wounds {unknown}
 p - 4 potions of curing {unknown}
 D - a potion of resistance {unknown}
Miscellaneous
 L - a sack of spiders
Comestibles
 f - 15 rations


   Skills:
 + Level 5.8 Fighting
 + Level 9.7 Short Blades
   Level 2.0 Bows
 + Level 6.4 Armour
 + Level 5.3 Dodging
 + Level 2.8 Stealth
   Level 1.0 Shields
 + Level 3.1 Spellcasting
   Level 1.0 Charms
   Level 2.0 Ice Magic


You had 15 spell levels left.
You didn't know any spells.
Your spell library contained the following spells:

 Spells                   Type           Power        Failure   Level  Hunger
 Apportation              Tloc           #.....       50%         1    ##.....
 Magic Dart               Conj           #...         50%         1    ##.....
 Shock                    Conj/Air       #...         50%         1    ##.....
 Swiftness                Chrm/Air       #.......     56%         2    ###....
 Blink                    Tloc           N/A          65%         2    ###....
 Call Imp                 Summ           #.......     65%         2    ###....
 Slow                     Hex            #.......     65%         2    ###....
 Conjure Flame            Conj/Fire      #.......     86%         3    ####...
 Lesser Beckoning         Tloc           #.........   86%         3    ####...
 Mephitic Cloud           Conj/Pois/Air  #.......     86%         3    ####...
 Static Discharge         Conj/Air       #.......     86%         3    ####...
 Airstrike                Air            #.........   99%         4    #####..
 Bolt of Magma            Conj/Fire/Erth #.........   100%        5    ######.
 Iskenderun's Battlesphe  Conj/Chrm      #.......     100%        5    ######.
 Lightning Bolt           Conj/Air       #.........   100%        5    ######.
 Venom Bolt               Conj/Pois      #.........   100%        5    ######.
 Iron Shot                Conj/Erth      #.........   100%        6    #######
 Orb of Destruction       Conj           #.........   100%        7    #######
 Spellforged Servitor     Conj/Summ      #.........   100%        7    #######


Dungeon Overview and Level Annotations

Branches:
Dungeon (10/15)            Temple (0/1) D:7            Lair (0/6) D:9
    Orc (0/2) D:9

Altars:
Ashenzari
Cheibriados
Dithmenos
Fedhas
Gozag
Hepliaklqana
Qazlal
Ru
Trog
Uskayaw
Wu Jian
Xom
The Shining One

Shops:
D:4 ?   D:6 %   D:8 (   D:9 [

Annotations:
D:8 exclusions: 9 electric eels and 2 more exclusions


Innate Abilities, Weirdness & Mutations

You have large cloven feet.
Your skin changes colour to match your surroundings (Stealth+).
You are dopey. (Int -2)
Your system is resistant to poisons. (rPois)


Message History

The two-headed ogre is heavily wounded.
The two-headed ogre hits you with a +0 giant club.
* * * LOW HITPOINT WARNING * * *
The two-headed ogre hits you with a +0 giant club!
* * * LOW HITPOINT WARNING * * *
The phantom blinks!
You block the two-headed ogre's attack. The two-headed ogre barely misses you.
The hound is engulfed in blazing flames.
A centaur zombie comes into view.
The hound is engulfed in freezing vapours.
The hound barely misses you.
The hound is engulfed in freezing vapours.
You kill the hound!
Qazlal accepts your kill.
The centaur zombie is engulfed in blazing flames.
The centaur zombie hits you.
* * * LOW HITPOINT WARNING * * *
The centaur zombie is engulfed in blazing flames.
The centaur zombie hits you!
You die...

###......#####.
#..###..
#..W.........##..#
#..
#...†........##..#
#..
#.....°......##..#
#..
#....O######.##..#
#.. #..☼..# . #..
#...°.# #..
#..○Z.# #.###..
#....@# #......
#.....# #..##..
....###.# #. #..
.... #.. # #.. ...
#.. #.. ## #...
#.. #.## #.. #.#
#.. #..


You could see a two-headed ogre, a phantom and a centaur zombie.

Vanquished Creatures
  Pikel (D:8)
  A hippogriff (D:7)
  2 porcupines (D:9)
  2 orc warriors
  A slave (D:8)
  An ice beast (D:6)
  A sky beast (D:5)
  An eye of draining (D:9)
  7 ogres
  2 phantoms (D:7)
  2 centaurs (D:5)
  A big kobold (D:7)
  A gnoll sergeant (D:9)
  2 bullfrogs
  4 scorpions
  4 killer bees (D:8)
  5 howler monkeys
  A centaur zombie (D:7)
  2 crimson imps
  A quasit (D:7)
  2 bullfrog zombies
  6 hounds
  3 jellies
  3 orc priests
  3 orc wizards
  6 bullfrog skeletons
  3 iguanas
  Terence (D:3)
  5 worker ants
  A hound zombie (D:5)
  A hound skeleton (D:7)
  A mummy (D:6)
  2 worker ant zombies (D:7)
  5 gnolls (D:9)
  Robin (D:4)
  7 adders
  3 shadow imps
  An ooze (D:3)
  2 adder skeletons
  4 worms
  3 dart slugs
  5 leopard geckos
  12 orcs
  2 ball pythons
  A giant cockroach (D:6)
  13 goblins
  10 hobgoblins
  15 jackals
  4 quokkas
  5 bats
  3 frilled lizards
  2 jackal skeletons
  13 kobolds
  2 leopard gecko zombies
  4 quokka skeletons
  7 rats
  A butterfly (D:5)
204 creatures vanquished.

Vanquished Creatures (others)
  2 slaves (D:8)
  An orc (D:8)
  2 fungi (D:9)
5 creatures vanquished.

Grand Total: 209 creatures vanquished

Notes
Turn   | Place    | Note
-------+----------+-------------------------------------------
     0 | D:1      | emperorscorpion the Human Wanderer began the quest for the
                  | Orb.
     0 | D:1      | emperorscorpion set off with the following items: a +0
                  | club, a +0 ring mail, a ration; and the following spells
                  | available to memorise: Apportation, Magic Dart, Blink, Call
                  | Imp, Slow, Conjure Flame, Lesser Beckoning, Mephitic Cloud
     0 | D:1      | Reached XP level 1. HP: 13/13 MP: 3/3
   183 | D:1      | Reached XP level 2. HP: 12/19 MP: 5/5
   743 | D:1      | Reached XP level 3. HP: 19/24 MP: 7/7
  1036 | D:2      | Found a shattered altar of Ashenzari.
  1038 | D:2      | Found a stormy altar of Qazlal.
  1084 | D:2      | Became a worshipper of Qazlal Stormbringer
  1511 | D:2      | Reached skill level 1 in Short Blades
  1511 | D:2      | Reached XP level 4. HP: 27/30 MP: 8/8
  1973 | D:2      | Found a shadowy altar of Dithmenos.
  2019 | D:2      | Reached skill level 2 in Short Blades
  2019 | D:2      | Reached XP level 5. HP: 26/36 MP: 9/9
  2980 | D:3      | Reached * piety under Qazlal
  2984 | D:3      | Reached skill level 1 in Fighting
  3130 | D:3      | Noticed Terence
  3146 | D:3      | Killed Terence
  3694 | D:4      | Noticed Robin
  3706 | D:4      | Reached skill level 3 in Short Blades
  3706 | D:4      | Reached XP level 6. HP: 32/43 MP: 10/10
  3725 | D:4      | Killed Robin
  3725 | D:4      | Reached skill level 1 in Dodging
  4214 | D:4      | Found a hazy altar of Hepliaklqana.
  4246 | D:4      | Noticed an ogre
  4247 | D:4      | Gained mutation: You are dopey. (Int -2) [potion of
                  | mutation]
  4247 | D:4      | Gained mutation: Your system is resistant to poisons.
                  | (rPois) [potion of mutation]
  4247 | D:4      | Gained mutation: Your skin changes colour to match your
                  | surroundings (Stealth+). [potion of mutation]
  4247 | D:4      | Gained mutation: You have large cloven feet. [potion of
                  | mutation]
  4251 | D:4      | Noticed an ogre
  4255 | D:4      | Killed an ogre
  4360 | D:4      | Reached XP level 7. HP: 38/50 MP: 11/11
  4394 | D:4      | Reached skill level 4 in Short Blades
  4741 | D:4      | Found Malyac's Magic Scroll Boutique.
  4749 | D:4      | Bought a scroll of fog for 22 gold pieces
  4749 | D:4      | Bought a scroll of teleportation for 33 gold pieces
  4749 | D:4      | Bought a scroll of magic mapping for 38 gold pieces
  4749 | D:4      | Bought a scroll of identify for 22 gold pieces
  4975 | D:5      | Entered Level 5 of the Dungeon
  4975 | D:5      | Found a shimmering altar of Xom.
  5398 | D:5      | Reached XP level 8. HP: 43/58 MP: 12/12
  5502 | D:5      | Reached skill level 5 in Short Blades
  5636 | D:5      | Reached ** piety under Qazlal
  6453 | D:6      | Found Uweuc's Food Shoppe.
  6697 | D:6      | Found a snail-covered altar of Cheibriados.
  6742 | D:6      | Reached skill level 6 in Short Blades
  6937 | D:6      | Reached skill level 5 in Armour
  7056 | D:7      | Reached XP level 9. HP: 13/65 MP: 13/13
  7636 | D:7      | Found a sacrificial altar of Ru.
  7639 | D:7      | Noticed a hippogriff
  7653 | D:7      | Killed a hippogriff
  7653 | D:7      | Reached *** piety under Qazlal
  7653 | D:7      | Reached skill level 7 in Short Blades
  7846 | D:7      | Found a staircase to the Ecumenical Temple.
  7917 | D:7      | Found a hide-covered altar of Uskayaw.
  7917 | D:7      | Found an opulent altar of Gozag.
  7918 | D:7      | Found a glowing golden altar of the Shining One.
  7925 | D:7      | Identified a scroll of acquirement
  8215 | D:7      | Found a blossoming altar of Fedhas.
  8376 | D:8      | Reached skill level 8 in Short Blades
  8766 | D:8      | Found Caugesu's Weapon Shop.
  8787 | D:8      | Reached XP level 10. HP: 73/73 MP: 14/14
  9028 | D:8      | Noticed Pikel
  9041 | D:8      | Killed Pikel
  9041 | D:8      | Reached skill level 5 in Fighting
  9570 | D:9      | Reached skill level 9 in Short Blades
  9583 | D:9      | Reached skill level 5 in Dodging
  9813 | D:9      | Reached **** piety under Qazlal
 10005 | D:9      | Found a staircase to the Lair.
 10111 | D:9      | Found Neisuhee's Antique Armour Boutique.
 10119 | D:9      | Bought a pair of embroidered gloves for 187 gold pieces
 10216 | D:9      | Found a staircase to the Orcish Mines.
 10229 | D:9      | Found a bloodstained altar of Trog.
 10260 | D:10     | Entered Level 10 of the Dungeon
 10334 | D:10     | Found an ornate altar of the Wu Jian Council.
 10538 | D:10     | Noticed a two-headed ogre
 10572 | D:10     | Slain by a centaur zombie

Levels and vault maps discovered:
D:1:      saegor_arrival_simple_e, layout_rooms
D:2:      layout_basic, grunt_dithmenos_smoke_and_mirrors,
          grunt_temple_overflow_open
D:3:      layout_loops_ring, first_ration, uniq_terence
D:4:      layout_loops_ring, lemuel_doored_altar, serial_shops, shop,
          minmay_fractal_squares_5, uniq_robin
D:5:      layout_basic, xom_butterflies
D:6:      layout_loops_ring, slow_altar_2, serial_shops, shop, hex_tiny
D:7:      layout_loops_ring, lemuel_crystal_altar, fedhas_ov_isle_minmay,
          gammafunk_temple_overflow_claw, minmay_temple_entry_large_hall,
          grunt_ogre_cave
D:8:      layout_loops_cross, serial_shops, shop, st_stairs_6, disabler_island,
          uniq_pikel
D:9:      layout_rooms, kennysheep_little_box, grunt_lair_entry_orc_guard_hut,
          orc_0_dummy, serial_shops, nicolae_shop_stone
D:10:     wad_guarded_room, layout_long_grid, serial_shops, shop_fountains,
          basic_altar

Skill      XL: |  1  2  3  4  5  6  7  8  9 10 |
---------------+-------------------------------+-----
Spellcasting   | 3 |  3.1
Short Blades   | 1 2 3 4 6 8 9 |  9.7
Armour         | 2 3 5 6 |  6.4
Fighting       | 1 2 3 4 5 |  5.8
Dodging        | 1 2 4 5 |  5.3
Stealth        | 2 |  2.8
Bows           | |  2.0
Shields        | |  1.0
Charms         | |  1.0
Ice Magic      | |  2.0

Action                   |  1- 3 |  4- 6 |  7- 9 | 10-12 || total
-------------------------+-------+-------+-------+-------++-------
Melee: Club              |    18 |       |       |       ||    18
       Short sword       |    88 |   149 |       |       ||   237
       Dagger            |       |    70 |   371 |       ||   441
       Rapier            |       |       |   107 |   166 ||   273
Throw: Tomahawk          |       |       |       |     5 ||     5
  Use: Scroll            |       |     1 |     8 |       ||     9
       Potion            |       |     1 |       |       ||     1
  Eat: Chunk             |     2 |     9 |     9 |     4 ||    24
       Ration            |       |       |     3 |       ||     3
Armor: Ring mail         |    34 |    61 |   155 |    28 ||   278
Dodge: Dodged            |    53 |    95 |   218 |    60 ||   426
Block: Other             |       |       |    36 |    24 ||    60

Table legend:
 A = Non-vault XP
 B = Vault XP
 C = Vault XP percentage of total XP
 D = Non-vault monster count
 E = Vault monster count
 F = Vault count percentage of total count
                 A         B        C        D         E       F
            +---------+---------+-------+---------+---------+-------
      Total |    4461 |    1760 |  28.3 |     170 |      32 |  15.8
            +---------+---------+-------+---------+---------+-------
        D:1 |      35 |       0 |   0.0 |      20 |       0 |   0.0
        D:2 |     148 |       0 |   0.0 |      30 |       0 |   0.0
        D:3 |      32 |      36 |  52.9 |      14 |       1 |   6.7
        D:4 |     217 |     270 |  55.4 |      11 |      18 |  62.1
        D:5 |     594 |       0 |   0.0 |      17 |       0 |   0.0
        D:6 |     523 |      18 |   3.3 |      17 |       1 |   5.6
        D:7 |    1199 |     121 |   9.2 |      25 |       1 |   3.8
        D:8 |     885 |     594 |  40.2 |      18 |       2 |  10.0
        D:9 |     703 |     628 |  47.2 |      17 |       6 |  26.1
       D:10 |     125 |      93 |  42.7 |       1 |       3 |  75.0
            +---------+---------+-------+---------+---------+-------
